 Dungeon Crawl Stone Soup version 0.29.1-2-gbd0b4ee654 (webtiles) character file.

Game seed: 12400801069483258953

66 Raikaria the Stinger (level 4, -2/32 HPs)
             Began as a Gnoll Venom Mage on Nov 9, 2022.
             Slain by an orc
             ... wielding a +0 morningstar
              (5 damage)
             ... on level 4 of the Dungeon.
             The game lasted 00:05:10 (2902 turns).

Raikaria the Stinger (Gnoll Venom Mage)             Turns: 2902, Time: 00:05:10

Health: -2/32      AC:  3    Str: 10    XL:     4   Next: 15%
Magic:  9/11       EV: 13    Int: 14    God:
Gold:   155        SH:  0    Dex: 12    Spells: 7/13 levels left

rFire   . . .      SeeInvis .   e - +2 dagger (venom)
rCold   . . .      Faith    .   (no shield)
rNeg    . . .      Spirit   .   a - +0 robe
rPois   .          Reflect  .   (no helmet)
rElec   .          Harm     .   n - +0 cloak
rCorr   .          Rampage  .   (no gloves)
Will    .....                   (no boots)
Stlth   ++........              (no amulet)
HPRegen 0.10/turn               (no ring)
MPRegen 0.12/turn               (no ring)

@: no status effects
A: fangs 1, strong nose, distributed training
a: no special abilities


You were on level 4 of the Dungeon.
You visited 1 branch of the dungeon, and saw 4 of its levels.

You collected 155 gold pieces.

Inventory:

Hand Weapons
 e - a +2 dagger of venom (weapon)
 j - a +0 dagger of holy wrath
Missiles
 o - 5 atropa-tipped darts
Armour
 a - a +0 robe (worn)
 n - a +0 cloak (worn)
Scrolls
 d - 3 scrolls of noise {unknown}
 f - 2 scrolls of fear {unknown}
 g - 3 scrolls of identify {unknown}
 k - a scroll of fog {unknown}
 m - 2 scrolls of enchant armour {unknown}
 p - 3 scrolls of summoning {unknown}
Potions
 b - 2 potions of magic
 c - 3 potions of berserk rage {unknown}
 h - 5 potions of curing {unknown}
 i - a potion of invisibility {unknown}
 l - 3 potions of heal wounds {unknown}


   Skills:
 + Level 1.1 Fighting
 + Level 1.1 Short Blades
 + Level 1.1 Long Blades
 + Level 1.1 Axes
 + Level 1.1 Maces & Flails
 + Level 1.1 Polearms
 + Level 1.1 Staves
 + Level 1.1 Ranged Weapons
 + Level 1.1 Throwing
 + Level 1.1 Armour
 + Level 4.6 Dodging
 + Level 4.2 Stealth
 + Level 1.1 Shields
 + Level 1.1 Unarmed Combat
 + Level 5.0 Spellcasting
 + Level 0.8 Conjurations
 + Level 0.8 Hexes
 + Level 0.8 Summonings
 + Level 0.8 Necromancy
 + Level 0.8 Translocations
 + Level 2.2 Transmutations
 + Level 0.8 Fire Magic
 + Level 0.8 Ice Magic
 + Level 0.8 Air Magic
 + Level 0.8 Earth Magic
 + Level 5.4 Poison Magic
 + Level 1.2 Invocations
 + Level 1.1 Evocations


You had 7 spell levels left.
You knew the following spells:

 Your Spells              Type           Power      Damage    Failure   Level
a - Sting                 Tmut/Pois      56%        1d5       3%          1
b - Poisonous Vapours     Pois/Air       24%        N/A       7%          2
c - Mephitic Cloud        Conj/Pois/Air  10%        N/A       19%         3

Your spell library contained the following spells:

 Spells                   Type           Power      Damage    Failure   Level
 Olgreb's Toxic Radiance  Pois           18%        N/A       19%         4


Dungeon Overview and Level Annotations

Branches:
Dungeon (4/15)
 Temple: D:4-7

Altars:
Kikubaaqudgha


Innate Abilities, Weirdness & Mutations

You have very sharp teeth.
Your uncanny sense of smell can sniff out nearby items.
Your experience applies equally to all skills.


Message History

Press: ? - help, Dir - move target, f - dart slug
Aim: a dart slug (asleep)
You miscast Poisonous Vapours.
You are very lightly contaminated with residual magic.
Nothing appears to happen.
The dart slug launches a dart at you. The slug dart misses you.
An orc comes into view. It is wielding a +0 morningstar.
The kobold shouts!
The orc shouts!
You hit the kobold.
You kill the kobold!
The dart slug bites you but does no damage.
You hit the dart slug.
The dart slug is poisoned.
The dart slug is heavily wounded.
The dart slug closely misses you.
Casting: Poisonous Vapours (safe; 7% risk of failure)
Confirm with . or Enter, or press ? or * to list all spells.
Aiming: Poisonous Vapours (safe; 7% risk of failure)
Press: ? - help, Dir - move target, f - orc, p - dart slug
Aim: an orc, wielding a +0 morningstar Poisonous vapours surround the orc!
The orc is poisoned.
You kill the dart slug!
A ball python comes into view.
Found 9 stones.
The orc hits you but does no damage.
Your magical contamination has completely faded away.
You closely miss the orc.
The ball python hisses angrily.
You bite the orc.
The orc is moderately wounded.
The orc hits you with a +0 morningstar.
You hit the orc.
The orc looks even sicker.
The orc is heavily wounded.
The orc hits you with a +0 morningstar! The orc attacks as you move away!
The orc hits you with a +0 morningstar. The orc attacks as you move away!
The orc hits you with a +0 morningstar!
* * * LOW HITPOINT WARNING * * *
You hit the orc.
The orc is almost dead.
The orc hits you with a +0 morningstar.
You die...

......<..###.....#
..#.............. .....?...##
... .....##)..###.# ...
#.#..#..# . ...##...#
....>..(.###S.## .........#
##o.# .........# #.@#
..........# #..# #.(....?.#.#
##..## ...........# #....#
.....!.....# #.##.####
..........<###.##....#
..........).##.#####.# #####
.....?.....###.#####.####...#
.........### #.#........#...#


You could see an orc (very poisoned) and a ball python.

Vanquished Creatures
  A worm (D:2)
  2 dart slugs
  4 orcs (D:2)
  4 ball pythons
  5 bats
  6 endoplasms
  2 giant cockroaches (D:1)
  3 goblins
  6 hobgoblins
  3 jackals (D:1)
  3 quokkas
  4 frilled lizards
  5 kobolds
  A rat (D:1)
  A bush (D:1)
50 creatures vanquished.

Vanquished Creatures (others)
  2 plants (D:1)
2 creatures vanquished.

Grand Total: 52 creatures vanquished

Notes
Turn   | Place    | Note
-------+----------+-------------------------------------------
     0 | D:1      | Raikaria the Gnoll Venom Mage began the quest for the Orb.
     0 | D:1      | Reached XP level 1. HP: 13/13 MP: 6/6
   182 | D:1      | Reached XP level 2. HP: 19/19 MP: 5/7
   204 | D:1      | Learned a level 2 spell: Poisonous Vapours
   786 | D:1      | Reached skill level 5 in Spellcasting
   786 | D:1      | Reached XP level 3. HP: 24/25 MP: 5/9
   917 | D:1      | Reached skill level 1 in Invocations
  1611 | D:2      | Reached skill level 1 in Fighting
  1611 | D:2      | Reached skill level 1 in Short Blades
  1611 | D:2      | Reached skill level 1 in Long Blades
  1611 | D:2      | Reached skill level 1 in Axes
  1611 | D:2      | Reached skill level 1 in Maces & Flails
  1611 | D:2      | Reached skill level 1 in Polearms
  1611 | D:2      | Reached skill level 1 in Staves
  1611 | D:2      | Reached skill level 1 in Ranged Weapons
  1611 | D:2      | Reached skill level 1 in Throwing
  1611 | D:2      | Reached skill level 1 in Armour
  1611 | D:2      | Reached skill level 1 in Shields
  1611 | D:2      | Reached skill level 1 in Unarmed Combat
  1611 | D:2      | Reached skill level 1 in Evocations
  2209 | D:2      | Learned a level 3 spell: Mephitic Cloud
  2479 | D:2      | Reached XP level 4. HP: 32/32 MP: 11/11
  2838 | D:4      | Found an ancient bone altar of Kikubaaqudgha.
  2902 | D:4      | Slain by an orc

Illustrated notes

Levels and vault maps discovered:
D:1:      dpeg_arrival_more_subterranean_lakeside_camping, layout_loops_ring,
          serial_forest, infiniplex_forest_clump_large, infiniplex_forest_end_2,
          infiniplex_forest_clump_diagonal, infiniplex_forest_end_3,
          infiniplex_forest_lined_corner, infiniplex_forest_diagonal,
          infiniplex_forest_split
D:2:      layout_loops_corners, minmay_pentomino_r2
D:3:      layout_rooms, general_overflow_altar
D:4:      layout_rooms, mainiacjoe_overflow_cross_hatched,
          gup_ossuary_entry_pyramid, uniq_crazy_yiuf_cottage

Skill      XL: |  1  2  3 |
---------------+----------+-----
Transmutations | 2 |  2.2
Spellcasting   | 5 |  5.0
Invocations    | 1 |  1.2
Fighting       | 1 |  1.1
Short Blades   | 1 |  1.1
Long Blades    | 1 |  1.1
Axes           | 1 |  1.1
Maces & Flails | 1 |  1.1
Polearms       | 1 |  1.1
Staves         | 1 |  1.1
Ranged Weapons | 1 |  1.1
Throwing       | 1 |  1.1
Armour         | 1 |  1.1
Shields        | 1 |  1.1
Unarmed Combat | 1 |  1.1
Evocations     | 1 |  1.1
Dodging        | |  4.6
Stealth        | |  4.2
Conjurations   | |  0.8
Hexes          | |  0.8
Summonings     | |  0.8
Necromancy     | |  0.8
Translocations | |  0.8
Fire Magic     | |  0.8
Ice Magic      | |  0.8
Air Magic      | |  0.8
Earth Magic    | |  0.8
Poison Magic   | |  5.4

Action                   |  1- 3 |  4- 6 || total
-------------------------+-------+-------++-------
Melee: Unarmed           |     7 |       ||     7
       Dagger            |   111 |    18 ||   129
       Bite              |    25 |     1 ||    26
       Punch             |     2 |       ||     2
 Cast: Sting             |    12 |       ||    12
       Poisonous Vapours |     5 |     2 ||     7
 Stab: Sleeping          |     7 |       ||     7
Armor: Robe              |     6 |     8 ||    14
Dodge: Dodged            |    49 |    13 ||    62
